 Dungeon Crawl Stone Soup version 0.20.1-1-g8b1a95d (webtiles) character file.

417 polve the Ruffian (level 6, 0/52 HPs)
             Began as a Draconian Transmuter on Aug 6, 2017.
             Slain by a sky beast (5 damage)
             ... on level 3 of the Dungeon.
             The game lasted 00:05:21 (4582 turns).

polve the Ruffian (Draconian Transmuter)            Turns: 4582, Time: 00:05:21

Health: 0/52       AC:  7    Str: 13    XL:     6   Next: 61%
Magic:  9/9        EV: 12    Int: 15    God:
Gold:   214        SH:  0    Dex: 11    Spells: 3/9 levels left

rFire    . . .     SeeInvis .     - Unarmed
rCold    . . .     Gourm    .   (no shield)
rNeg     . . .     Faith    .   (armour unavailable)
rPois    .         Spirit   .   (helmet restricted)
rElec    .         Reflect  .   o - +0 cloak
rCorr    .         Harm     .   (no gloves)
MR       .....                  (no boots)
Stlth    +.........             (no amulet)
Regen    0.2/turn               (no ring)
MPRegen  0.2/turn               (no ring)

@: no status effects
A: unfitting armour, cold-blooded, AC +6
a: no special abilities


You were on level 3 of the Dungeon.
You were very hungry.

You visited 1 branch of the dungeon, and saw 4 of its levels.

You collected 214 gold pieces.

Inventory:

Missiles
 a - 38 arrows (quivered)
Armour
 o - a +0 cloak (worn)
Wands
 p - a wand of iceblast (5/15)
Scrolls
 d - 5 scrolls of remove curse {unknown}
 f - 3 scrolls of identify {unknown}
 g - 2 scrolls of teleportation {unknown}
 h - 2 scrolls of immolation {unknown}
 l - a scroll of fear {unknown}
 q - a scroll of fog {unknown}
Potions
 n - a potion of ambrosia {unknown}
Books
 b - a book of Changes

   Spells                             Type                      Level
   a - Beastly Appendage              Transmutation                1
   b - Sticks to Snakes               Transmutation                2
   c - Spider Form                    Transmutation/Poison         3
   d - Ice Form                       Ice/Transmutation            4
   e - Blade Hands                    Transmutation                5
Comestibles
 c - 4 bread rations
 i - 3 royal jellies
 j - 4 fruits


   Skills:
 + Level 4.0 Fighting
 - Level 1.7 Dodging
 + Level 4.7 Unarmed Combat
 - Level 2.0 Spellcasting
 - Level 4.1 Transmutations
 - Level 2.1 Poison Magic


You had 3 spell levels left.
You knew the following spells:

 Your Spells              Type           Power        Failure   Level  Hunger
a - Beastly Appendage     Tmut           ##....       4%          1    #......
b - Sticks to Snakes      Tmut           ##......     6%          2    ###....
c - Spider Form           Tmut/Pois      ##........   19%         3    ###....


Dungeon Overview and Level Annotations

Branches:
Dungeon (4/15)
 Temple: D:4-7

Altars:
Trog
Uskayaw

Annotations:
D:4 Menkaure


Innate Abilities, Weirdness & Mutations

Your plain brown scales are hard. (AC +6)
You cannot fit into any form of body armour.
You are cold-blooded and may be slowed by cold attacks.


Message History

The sky beast shocks you.
* * * LOW HITPOINT WARNING * * *
You climb upwards.
There is a stone staircase leading down here.
The sky beast flickers out of sight!
Deactivating autopickup; reactivate with Ctrl-A.
A sky beast appears from thin air!
Reactivating autopickup.
The sky beast flickers out of sight!
Deactivating autopickup; reactivate with Ctrl-A.
A sky beast appears from thin air!
Reactivating autopickup.
Things that are here:
a leather armour; a dagger The sky beast flickers out of sight!
Deactivating autopickup; reactivate with Ctrl-A.
Something hits you.
* * * LOW HITPOINT WARNING * * *
Something shocks you.
You die...

#............#.##.##.#.##.#.#
###.####.####..#..............###
.....# #.####..##.#.#.##.###.....
###..# #.................# ##.###
#..# ######.#.#)#.#.#######.#
#..## #..###..[.......≈.###
#...#######.#.#.#.............#
#...........##.#############..>
#...........##@##............>.
##############.##.##########...
#.##.# ##.# #.##.# ###.#
#.##.##### #.... #.##.#...# #.###
#........# #.# ######...# #.#
##..# #.#


There were no monsters in sight!

Vanquished Creatures
  A phantom (D:3)
  An orc priest (D:4)
  Crazy Yiuf (D:2)
  An orc wizard (D:3)
  3 adders
  An ooze (D:2)
  4 dart slugs
  A worm (D:2)
  2 leopard geckos
  7 orcs
  8 bats
  7 giant cockroaches
  6 goblins
  9 hobgoblins
  14 jackals
  2 quokkas
  A ball python (D:4)
  3 frilled lizards (D:2)
  6 kobolds
  9 rats
87 creatures vanquished.

Vanquished Creatures (collateral kills)
  A phantom (D:4)
  A howler monkey (D:4)
  An orc (D:4)
3 creatures vanquished.

Grand Total: 90 creatures vanquished

Notes
Turn   | Place    | Note
-------+----------+-------------------------------------------
     0 | D:1      | polve the Draconian Transmuter began the quest for the Orb.
     0 | D:1      | Reached XP level 1. HP: 16/16 MP: 3/3
   225 | D:1      | Reached XP level 2. HP: 13/23 MP: 5/5
   782 | D:1      | Reached XP level 3. HP: 9/28 MP: 4/6
   786 | D:1      | Learned a level 2 spell: Sticks to Snakes
   790 | D:1      | Learned a level 3 spell: Spider Form
  1392 | D:2      | Found a hide-covered altar of Uskayaw.
  1509 | D:2      | Reached skill level 1 in Poison Magic
  2168 | D:2      | Reached XP level 4. HP: 35/35 MP: 5/7
  2429 | D:2      | Found a bloodstained altar of Trog.
  2722 | D:2      | Found a runed door.
  2952 | D:2      | Noticed Crazy Yiuf
  2963 | D:2      | Killed Crazy Yiuf
  3086 | D:3      | Reached XP level 5. HP: 20/41 MP: 4/8
  3324 | D:3      | Noticed a phantom
  3412 | D:3      | Killed a phantom
  3860 | D:3      | Reached XP level 6. HP: 44/51 MP: 9/9
  4369 | D:4      | HP: 1/51 [phantom (7)]
  4379 | D:4      | HP: 2/51 [phantom (3)]
  4535 | D:4      | Noticed Menkaure
  4550 | D:4      | Noticed a sky beast
  4582 | D:3      | Slain by a sky beast

Skill      XL: |  1  2  3  4  5  6 |
---------------+-------------------+-----
Transmutations | 3 4 |  4.1
Poison Magic   | 2 |  2.1
Fighting       | 3 4 |  4.0
Unarmed Combat | 4 |  4.7
Dodging        | |  1.7
Spellcasting   | |  2.0

Action                   |  1- 3 |  4- 6 || total
-------------------------+-------+-------++-------
Melee: Unarmed           |   174 |   208 ||   382
       Tailslap          |    16 |    28 ||    44
       Headbutt          |     4 |     6 ||    10
       Punch             |     2 |     2 ||     4
       Kick              |     7 |    11 ||    18
 Cast: Beastly Appendage |    14 |    12 ||    26
       Spider Form       |     1 |     2 ||     3
       Sticks to Snakes  |       |     4 ||     4
  Use: Potion            |       |     5 ||     5
 Stab: Sleeping          |     1 |     2 ||     3
  Eat: Chunk             |     5 |     7 ||    12
Armor: Skin              |    53 |    40 ||    93
Dodge: Dodged            |   137 |   124 ||   261
